 Dungeon Crawl Stone Soup version 0.31-a0-1071-gaead2f62b1 (webtiles) character file.

Game seed: 16087609714972443782

54 Jeffwins the Changeling (level 3, 0/17 HPs)
             Began as an Armataur Shapeshifter on Nov 26, 2023.
             Was a Believer of Jiyva.
             Succumbed to Ijyb's poison
             ... on level 3 of the Dungeon.
             The game lasted 00:01:39 (969 turns).

Jeffwins the Changeling (Armataur Shapeshifter)      Turns: 969, Time: 00:01:39

Health: 0/17       AC:  8    Str: 19    XL:     3   Next: 66%
Magic:  3/3        EV:  9    Int: 12    God:    Jiyva [**....]
Gold:   180        SH:  0    Dex:  9    Spells: 2/2 levels left

rFire   . .          .
                       - Unarmed
rCold   . . .        (shield currently unavailable)
rNeg    . . .        a - +0 animal skin
rPois   .            (no helmet)
rElec   .            (no cloak)
rCorr   +            (no gloves)
SInv    .            (no barding)
Will    .....        (no amulet)
Stlth   +            O - +4 ring of protection
HPRegen 1.18/turn    (no ring)
MPRegen 0.38/turn

%: roll
@: lethally poisoned (0 -> -11), flux-form, glowing
A: glow, contaminating, reduced hp, large, deformed body, tough skin 3, armoured
tail, roll 1, long tongue
a: Begin Untransformation, Renounce Religion


You were on level 3 of the Dungeon.
You worshipped Jiyva.
Jiyva was pleased with you.
You were something dangerously unstable.
You visited 1 branch of the dungeon, and saw 3 of its levels.

You collected 180 gold pieces.


Innate Abilities, Weirdness & Mutations

You are something dangerously unstable.
You glow with magical radiation, making you easy to see and hit.
Foes you strike become dangerously contaminated with magical radiation.
Your maximum health is decreased, since you lack skill for your form.
You are incapable of wielding weapons or throwing items.
Armour fits poorly on your strangely shaped body.
You have extremely tough skin. (AC +3)
You have a long armoured tail.
You roll when moving toward enemies. (Rampage)
Your long tongue fully drains potion bottles. (2x potion effects)


   Skills:
 + Level 1.4 Fighting
 + Level 1.7 Dodging
 * Level 3.2 Unarmed Combat
 * Level 3.2 Shapeshifting


You had 2 spell levels left.
You didn't know any spells.
Your spell library contained the following spells:

 Spells                   Type           Power      Damage    Failure   Level
 Necrotise                Necr           0%         1d4       32%         1
 Vampiric Draining        Necr           0%         2d6       69%         3
 Agony                    Necr           0%         N/A       100%        5

Inventory:

Hand Weapons
 h - a +1 dagger of venom
Armour
 a - a +0 animal skin (worn)
 f - a +0 pair of gloves
Jewellery
 O - a +4 ring of protection (left hand)
Talismans
 c - a beast talisman
 d - a flux talisman (active)
Scrolls
 e - a scroll of amnesia {unknown}
 g - 2 scrolls of enchant armour {unknown}
 k - a scroll of vulnerability {unknown}
 l - a scroll of summoning {unknown}
 o - a scroll of identify {unknown}
 p - a scroll of enchant weapon {unknown}
Potions
 b - 2 potions of lignification {!q}
 i - a potion of haste {unknown}
 j - a potion of heal wounds {unknown}
 m - a potion of curing {unknown}
 n - a potion of brilliance {unknown}
 q - a potion of might {unknown}

Dungeon Overview and Level Annotations

Branches:
Dungeon (3/15)

Altars:
Makhleb
Jiyva

Annotations:
D:3 Ijyb

.......+..#...
.......#.##.#### ###
................ ..#
.......#.##.### #.#
.......#.##.######.#
+#+##+##.##........#
.##.........#.#
...............g.>#
#.............#p#.#
#.###########.#.#.#
#.#<#.# #.###.#
#.....# ###..@#
#..........
#..........
#...........


You could see Ijyb (contam, misshapen).


Message History

Ijyb zaps a wand.
The puff of flame hits you.
There is a stone staircase leading up here.
Ijyb zaps a wand.
The puff of flame hits you!
* * * LOW HITPOINT WARNING * * *
You climb upwards.
There is a stone staircase leading down here.
You start resting.
HP restored.
You hear a distant slurping noise.
You climb downwards.
Level annotation: Ijyb
There is a stone staircase leading up here.
You roll towards Ijyb!
Ijyb barely misses you.
You hit Ijyb.
Ijyb begins to glow.
Your tail-slap misses Ijyb.
Ijyb is lightly wounded.
Ijyb zaps a wand.
The puff of flame hits you.
You hit Ijyb.
Ijyb glows dangerously bright.
Ijyb is lightly wounded.
Ijyb zaps a wand.
The puff of flame hits you.
You hit Ijyb.
Ijyb shudders as magic cascades through her.
Ijyb twists and deforms.
Ijyb is moderately wounded.
Ijyb hits you with a +2 dagger of venom!
* * * LOW HITPOINT WARNING * * *
You are lethally poisoned!
Jiyva gurgles merrily.
You hit Ijyb.
Ijyb begins to glow.
You tail-slap Ijyb, but do no damage.
Ijyb is heavily wounded.
You die...

Skill      XL: |  1  2 |
---------------+-------+-----
Fighting       | 1 |  1.4
Unarmed Combat | 3 |  3.2
Shapeshifting  | 3 |  3.2
Dodging        | |  1.7

Action                     || total
---------------------------++-------
  Melee: Unarmed           ||    77
         Tailslap          ||     6
         Punch             ||     3
 Armour: Animal skin       ||    54
  Dodge: Dodged            ||    39
   Form: Flux              ||     1

Levels and vault maps discovered:
D:1:      dpeg_arrival_shelter, layout_rooms
D:2:      layout_basic, hellmonk_ecumenical_altar_zigzags, basic_altar,
          serial_bayou_crossing
D:3:      layout_basic, mainiacjoe_overflow_catch_the_wave,
          gammafunk_ghost_grave, uniq_jessica, uniq_grinder, uniq_ijyb

Notes
Turn   | Place    | Note
-------+----------+-------------------------------------------
     0 | D:1      | Jeffwins the Armataur Shapeshifter began the quest for the
                  | Orb.
     0 | D:1      | Reached XP level 1. HP: 15/15 MP: 1/1
    76 | D:1      | Reached skill level 1 in Fighting
    93 | D:1      | Reached XP level 2. HP: 23/23 MP: 2/2
   170 | D:1      | Reached skill level 3 in Unarmed Combat
   302 | D:1      | Reached skill level 3 in Shapeshifting
   431 | D:2      | Found a burning altar of Makhleb.
   575 | D:2      | Found a faded altar of an unknown god.
   589 | D:2      | Prayed at the altar of an unknown god.
   589 | D:2      | Became a worshipper of Jiyva Juniengu the Shapeless
   589 | D:2      | Reached * piety under Jiyva
   613 | D:2      | Reached XP level 3. HP: 28/28 MP: 3/3
   906 | D:3      | Noticed Jessica
   907 | D:3      | Reached ** piety under Jiyva
   907 | D:3      | Noticed Ijyb
   932 | D:2      | Killed Jessica
   969 | D:3      | Succumbed to Ijyb's poison

Vanquished Creatures
  Jessica (D:2)
  A dart slug (D:1)
  3 ball pythons
  5 bats
  3 giant cockroaches
  3 goblins
  2 hobgoblins
  2 kobolds (D:1)
  A quokka (D:1)
  3 frilled lizards (D:1)
  A rat (D:2)
25 creatures vanquished.

Vanquished Creatures (others)
  An endoplasm (D:3)
1 creature vanquished.

Grand Total: 26 creatures vanquished

Table legend: (Time is in decaauts)
 A = Elapsed time spent in this place.
 B = Non-inter-level travel time spent in this place.
 C = Inter-level travel time spent in this place.
 D = Time resting spent in this place.
 E = Time spent auto-exploring this place.
 F = Levels seen in this place.
 G = Mean time per level.
                   A        B        C        D        E       F      G
               +--------+--------+--------+--------+--------+-----+--------+
         Total |    966 |    929 |     37 |     25 |    681 |   3 |  322.0 |
       Dungeon |    966 |    929 |     37 |     25 |    681 |   3 |  322.0 |
               +--------+--------+--------+--------+--------+-----+--------+

Top non-repeatable levels by time:
     D:2: 484 daAuts
     D:1: 424 daAuts
     D:3: 57 daAuts

Table legend:
 A = Non-vault XP
 B = Vault XP
 C = Vault XP percentage of total XP
 D = Non-vault monster count
 E = Vault monster count
 F = Vault count percentage of total count
                 A         B        C        D         E       F
            +---------+---------+-------+---------+---------+-------
      Total |      41 |      37 |  47.4 |      24 |       1 |   4.0
            +---------+---------+-------+---------+---------+-------
        D:1 |      31 |       0 |   0.0 |      17 |       0 |   0.0
        D:2 |      10 |      37 |  78.7 |       7 |       1 |  12.5
            +---------+---------+-------+---------+---------+-------
